 Dungeon Crawl Stone Soup version 0.30.0-29-ga12c61a403 (webtiles) character file.

Game seed: 5027547617117340725

94 Gorgondantess the Ruffian (level 4, -8/37 HPs)
             Began as a Ghoul Warper on June 18, 2023.
             Mangled by a gnoll
             ... wielding a +0 flail
              (10 damage)
             ... on level 3 of the Dungeon.
             The game lasted 00:03:59 (2070 turns).

Gorgondantess the Ruffian (Ghoul Warper)            Turns: 2070, Time: 00:03:59

Health: -8/37      AC:  4    Str: 20    XL:     4   Next: 63%
Magic:  4/5        EV: 11    Int: 10    God:
Gold:   265        SH:  0    Dex:  8    Spells: 1/6 levels left

rFire   + .          .
                       - Unarmed
rCold   + + .        (no shield)
rNeg    + + +        w - +2 robe {rC+ rF+}
rPois   ∞            (no helmet)
rElec   .            (no cloak)
rCorr   .            (no gloves)
SInv    .            (no boots)
Will    .....        (no amulet)
Stlth   +            u - +6 ring of strength
HPRegen 0.00/turn    (no ring)
MPRegen 0.09/turn

%: no passive effects
@: inhibited regen, hasted, very quick
A: claws 1, cold resistance 1, negative energy resistance 3, inhibited
regeneration, torment resistance 2, devour on kill
a: no special abilities


You were on level 3 of the Dungeon.
You visited 1 branch of the dungeon, and saw 3 of its levels.

You collected 265 gold pieces.

Inventory:

Hand Weapons
 k - a +2 dagger of venom
Missiles
 c - 7 boomerangs of dispersal (quivered)
Armour
 a - a +0 leather armour
 m - a +0 ring mail
 w - a +2 robe of resistance (worn)
Jewellery
 u - a +6 ring of strength (left claw)
Scrolls
 b - a scroll of blinking
 d - 2 scrolls of teleportation {unknown}
 h - 2 scrolls of immolation {unknown}
 i - 2 scrolls of noise {unknown}
 j - 3 scrolls of identify {unknown}
 l - a scroll of brand weapon {unknown}
 n - 2 scrolls of vulnerability {unknown}
 q - a scroll of amnesia {unknown}
 r - a scroll of fear {unknown}
Potions
 e - a potion of flight {unknown}
 f - 2 potions of heal wounds
 g - 2 potions of curing {unknown}
 o - 3 potions of brilliance {unknown}
 p - 2 potions of haste
 s - a potion of attraction {unknown}
 t - a potion of magic {unknown}
 v - a potion of ambrosia {unknown}
 x - a potion of degeneration {unknown}


   Skills:
 + Level 2.6 Fighting
 - Level 0.8 Throwing
 - Level 0.8 Armour
 - Level 1.7 Dodging
 * Level 1.6 Stealth
 + Level 4.5 Unarmed Combat
 + Level 1.7 Spellcasting
 + Level 2.6 Translocations


You had one spell level left.
You knew the following spells:

 Your Spells              Type           Power      Damage    Failure   Level
a - Blink                 Tloc           12%        N/A       16%         2
b - Vhi's Electric Charg  Tloc/Air       6%         N/A       50%         3

Your spell library contained the following spells:

 Spells                   Type           Power      Damage    Failure   Level
 Slow                     Hex            0%         N/A       32%         1
 Lesser Beckoning         Tloc           12%        N/A       16%         2
 Teleport Other           Tloc           6%         N/A       32%         3
 Inner Flame              Hex/Fire       0%         N/A       67%         3
 Manifold Assault         Tloc           6%         N/A       71%         4
 Flame Wave               Conj/Fire      0%         2d4       97%         4
 Sticky Flame             Conj/Fire      0%         2d3       97%         4
 Summon Ice Beast         Ice/Summ       0%         N/A       97%         4


Dungeon Overview and Level Annotations

Branches:
Dungeon (3/15)

Altars:


Innate Abilities, Weirdness & Mutations

You are immune to poison.
You have sharp fingernails.
Your flesh is cold resistant. (rC+)
You are immune to negative energy. (rN+++)
You do not regenerate when monsters are visible.
You are immune to unholy pain and torment.
You thrive by killing the living.


Message History

The gnoll closely misses you.
You barely miss the gnoll. The gnoll hits you with a +0 flail.
You scratch the gnoll but do no damage.
You feel stable enough to blink again. The gnoll closely misses you.
You scratch the gnoll but do no damage. The gnoll hits you with a +0 flail.
The gnoll barely misses you. The gnoll hits you with a +0 flail!
The gnoll hits you with a +0 flail.
* * * LOW HITPOINT WARNING * * *
You feel much better. The gnoll closely misses you.
You scratch the gnoll but do no damage. The gnoll hits you with a +0 flail.
The gnoll barely misses you.
You scratch the gnoll.
The gnoll is lightly wounded.
The gnoll completely misses you.
You scratch the gnoll but do no damage.
The gnoll is lightly wounded.
The gnoll hits you with a +0 flail!
You feel yourself speed up. The gnoll misses you.
The gnoll hits you with a +0 flail.
You barely miss the gnoll.
The gnoll is lightly wounded.
The gnoll closely misses you.
You closely miss the gnoll.
The gnoll is lightly wounded.
The gnoll hits you with a +0 flail.
* * * LOW HITPOINT WARNING * * *
You closely miss the gnoll.
The gnoll is lightly wounded.
The gnoll barely misses you.
You scratch the gnoll but do no damage.
The gnoll is lightly wounded.
You scratch the gnoll but do no damage.
The gnoll is lightly wounded.
The gnoll misses you. The gnoll hits you with a +0 flail!
* * * LOW HITPOINT WARNING * * *
The gnoll attacks as you move away! The gnoll hits you with a +0 flail!
You die...

... .... .......#
.......## .
........##### ###..
'...........# ###.....
'.........#.###...#
'.......g.#..g..###.###.
'.........##.##g@.......
'.....g...##.####>#####.
.............# #..#
#.##.†....####.. ##
.....##...#...
.######...#.# ######
#.....# ##.....##
###..## ##.......##
#....# #.........#


You could see 2 gnolls.

Vanquished Creatures
  2 gnolls (D:3)
  2 adders (D:3)
  A dart slug (D:3)
  4 bats
  2 endoplasms (D:1)
  5 giant cockroaches
  7 goblins
  7 hobgoblins
  2 quokkas
  7 ball pythons
  A frilled lizard (D:2)
  3 kobolds
  10 rats
53 creatures vanquished.

Notes
Turn   | Place    | Note
-------+----------+-------------------------------------------
     0 | D:1      | Gorgondantess the Ghoul Warper began the quest for the Orb.
     0 | D:1      | Reached XP level 1. HP: 17/17 MP: 2/2
    86 | D:1      | Reached XP level 2. HP: 24/24 MP: 3/3
    93 | D:1      | Reached skill level 3 in Unarmed Combat
    99 | D:1      | Learned a level 2 spell: Blink
   188 | D:1      | Got the Verses on Friendly Bad Luck
  1000 | D:2      | Reached XP level 3. HP: 28/29 MP: 4/4
  1409 | D:2      | Reached skill level 1 in Stealth
  1721 | D:3      | Reached skill level 4 in Unarmed Combat
  1734 | D:3      | Reached XP level 4. HP: 33/37 MP: 5/5
  1910 | D:3      | Learned a level 3 spell: Vhi's Electric Charge
  2042 | D:3      | Found a faded altar of an unknown god.
  2070 | D:3      | Mangled by a gnoll

Illustrated notes

Levels and vault maps discovered:
D:1:      mrwooster_arrival_statue_2, layout_basic
D:2:      layout_loops_ring, ebering_dispersal_statue_hall
D:3:      layout_rooms, regret_index_temple_of_mockery,
          gammafunk_temple_overflow_statue,
          hellmonk_ecumenical_altar_heavens_door

Skill      XL: |  1  2  3 |
---------------+----------+-----
Unarmed Combat | 3 4 |  4.5
Stealth        | 1 |  1.6
Fighting       | |  2.6
Throwing       | |  0.8
Armour         | |  0.8
Dodging        | |  1.7
Spellcasting   | |  1.7
Translocations | |  2.6

Action                     |  1- 3 |  4- 6 || total
---------------------------+-------+-------++-------
  Melee: Unarmed           |   134 |    49 ||   183
         Punch             |     1 |     1 ||     2
   Cast: Blink             |       |     1 ||     1
    Use: Potion            |       |     3 ||     3
 Armour: Leather armour    |    26 |     5 ||    31
         Robe              |       |     1 ||     1
  Dodge: Dodged            |    81 |    31 ||   112
